 Dungeon Crawl Stone Soup version 0.31-a0-656-gb4d89c20fa (webtiles) character file.

Game seed: 14481506391444712420

1103 GloriousHammer the Basher (level 8, 0/67 HPs)
             Began as an Armataur Berserker on Aug 30, 2023.
             Was a Priest of Trog.
             Slain by an orc
             ... wielding a +0 flail
              (4 damage)
             ... on level 5 of the Dungeon.
             The game lasted 00:07:30 (3287 turns).

GloriousHammer the Basher (Armataur Berserker)      Turns: 3287, Time: 00:07:31

Health: 0/67       AC:  0    Str: 24    XL:     8   Next: 10%
Magic:  8/8        EV:  9    Int: 11    God:    Trog [***...]
Gold:   253        SH:  0    Dex: 10    Spells: 7/7 levels left

rFire   . . .        c - +1 whip (venom)
rCold   . . .        (no shield)
rNeg    . . .        t - +1 leather armour {rPois}
rPois   +            s - +1 helmet {Int+3}
rElec   .            (no cloak)
rCorr   .            (no gloves)
SInv    .            (no barding)
Will    .....        (no amulet)
Stlth   +            (no ring)
HPRegen 0.31/turn    (no ring)
MPRegen 0.11/turn

%: roll
@: corroded, on berserk cooldown, slowed, studying Shapeshifting, very slow
A: large, rugged brown scales 3, deformed body, armoured tail, roll, long
tongue, awkward tongue
a: Renounce Religion, Berserk, Trog's Hand


You were on level 5 of the Dungeon.
You worshipped Trog.
Trog was most pleased with you.
You visited 1 branch of the dungeon, and saw 5 of its levels.

You collected 253 gold pieces.

Inventory:

Hand Weapons
 a - a +0 mace
 c - a +1 whip of venom (weapon)
Missiles
 b - 4 javelins
 e - 14 poisoned darts
Armour
 m - a +2 robe of willpower
 s - a +1 helmet of intelligence (worn)
 t - a +1 leather armour of poison resistance (worn)
Wands
 r - a wand of flame (21)
 v - a wand of acid (9)
Scrolls
 g - 4 scrolls of poison {unknown}
 h - a scroll of amnesia {unknown}
 i - a scroll of vulnerability {unknown}
 j - 2 scrolls of teleportation {unknown}
 o - 3 scrolls of identify {unknown}
 q - a scroll of enchant armour {unknown}
Potions
 f - a potion of brilliance {unknown}
 k - a potion of might {unknown}
 l - 2 potions of mutation {unknown}
 n - a potion of berserk rage {unknown}
 p - a potion of enlightenment {unknown}
 u - a potion of experience {unknown}


   Skills:
 + Level 3.3 Fighting
 * Level 8.2 Maces & Flails
 + Level 1.7 Throwing
 + Level 3.6 Armour
 + Level 2.1 Dodging


You had 7 spell levels left.
You didn't know any spells.
Your spell library was empty.

Dungeon Overview and Level Annotations

Branches:
Dungeon (5/15)
 Temple: D:4-7

Altars:
Fedhas

Annotations:
D:4 exclusion: downstairs
D:5 Pikel


Innate Abilities, Weirdness & Mutations

You are completely covered in rugged brown scales. (AC +3, +7% HP)
Armour fits poorly on your strangely shaped body.
You have a long armoured tail.
You roll when moving toward enemies. (Rampage)
Your long tongue fully drains potion bottles. (2x potion effects)
Your tongue gives you trouble enunciating. (1.5x scroll delay)


Message History

Trog accepts your kill.
You closely miss the orc. You tail-slap the orc!
You kill the orc!
Trog accepts your kill.
You roll towards the orc!
An orc comes into view. It is wielding a +0 trident.
You hit the orc.
The orc is poisoned.
The orc is severely wounded.
The orc hits you but does no damage.
You whack the orc!
You kill the orc!
Trog accepts your kill.
You feel a strong urge to attack something.
Unknown command.
You start resting.
You feel your anger nearly subside.
Unknown command.
You start resting.
Your blood rage is quickly leaving you.
You start resting.
You are no longer berserk.
You are exhausted.
You feel yourself slow down.
An orc is nearby! 2 orcs and a jelly come into view.
An orc is wielding a +2 heavy mace.
The orc shouts! x2
The jelly quivers.
You hear a shout!
The orc barely misses you.
Items here: ( )) [ ††.
You whack the orc!
You kill the orc!
Trog accepts your kill. The orc hits you but does no damage.
An orc wizard comes into view. It is wielding a +0 dagger.
Items here: ( )) †.
The orc hits you with a +0 flail. The orc barely misses you.
Items here: ( )) [ ††.
You hit the orc.
The orc is moderately wounded.
The orc barely misses you. The jelly barely misses you.
You hit the jelly.
Your hands burn!
The jelly is lightly wounded.
The orc hits you but does no damage. The jelly hits you. The acid corrodes you!
You are splashed with acid.
* * * LOW HITPOINT WARNING * * *
The orc hits you with a +2 heavy mace!
* * * LOW HITPOINT WARNING * * *
The orc barely misses you.
Unknown command.
It was a potion of heal wounds.
You feel much better.
You slurp down every last drop of the potion of heal wounds!
The orc hits you with a +0 flail. The jelly hits you but does no damage.
The orc closely misses you.
You completely miss the jelly. The jelly barely misses you.
The orc hits you with a +0 flail. The jelly hits you. The acid corrodes you!
You are splashed with acid!
You hit the jelly.
Your hands burn!
The jelly is lightly wounded.
The orc barely misses you. The jelly closely misses you.
You hit the jelly but do no damage.
Your hands burn!
The jelly is lightly wounded.
The orc hits you with a +0 flail! The jelly hits you.
You are splashed with acid!
You whack the jelly!
Your hands burn!
* * * LOW HITPOINT WARNING * * *
You tail-slap the jelly.
The jelly is almost dead.
The orc hits you with a +0 flail.
* * * LOW HITPOINT WARNING * * *
The jelly hits you.
* * * LOW HITPOINT WARNING * * *
You are splashed with acid!
* * * LOW HITPOINT WARNING * * *
Unknown command.
Unknown command.
You feel much better.
You slurp down every last drop of the potion of heal wounds!
The orc hits you with a +0 flail. The jelly hits you.
You are splashed with acid.
You barely miss the jelly.
You tail-slap the jelly, but do no damage.
The jelly is almost dead.
The orc misses you. The jelly closely misses you.
You hit the jelly.
Your hands burn!
The jelly is almost dead.
The orc closely misses you. The jelly hits you.
You are splashed with acid!
* * * LOW HITPOINT WARNING * * *
You hit the jelly.
You kill the jelly!
Trog accepts your kill. The orc hits you with a +0 flail.
* * * LOW HITPOINT WARNING * * *
You hit the orc wizard but do no damage.
The orc hits you with a +0 flail.
* * * LOW HITPOINT WARNING * * *
The orc wizard hits you with a +0 dagger.
* * * LOW HITPOINT WARNING * * *
You closely miss the orc wizard. The orc hits you with a +0 flail.
You die... ####.P.P.P# #.PPcPP##

#.PPPP..#
#..PP..$# #
#.......##.#
##.##....#.###
#..##..o.....
##..#.....##.
#@#...###
#oo).##
...........#
......###....#
...... ####.$#
..... #.#
####. ..# # .#
.


You could see an orc wizard and an orc.

Vanquished Creatures
  Sigmund (D:2)
  A black bear (D:5)
  A lemure (D:5)
  3 phantoms
  2 scorpions (D:4)
  A howler monkey (D:4)
  2 hounds
  2 jellies
  3 iguanas
  Natasha (thrice) (D:3)
  An orc wizard (D:4)
  10 adders
  A shadow imp (D:5)
  An ufetubus (D:4)
  A worm (D:4)
  A dart slug (D:1)
  12 orcs
  4 bats
  8 endoplasms
  3 giant cockroaches (D:1)
  8 goblins
  4 hobgoblins
  3 quokkas
  7 ball pythons
  9 kobolds
  5 rats
97 creatures vanquished.

Notes
Turn   | Place    | Note
-------+----------+-------------------------------------------
     0 | D:1      | GloriousHammer the Armataur Berserker began the quest for
                  | the Orb.
     0 | D:1      | Reached XP level 1. HP: 19/19 MP: 1/1
   161 | D:1      | Reached skill level 3 in Maces & Flails
   221 | D:1      | Reached XP level 2. HP: 26/26 MP: 2/2
   636 | D:2      | Reached XP level 3. HP: 32/32 MP: 3/3
   673 | D:2      | Reached skill level 4 in Maces & Flails
   789 | D:2      | Reached ** piety under Trog
   998 | D:2      | Noticed Sigmund
  1007 | D:2      | Killed Sigmund
  1008 | D:2      | Reached skill level 5 in Maces & Flails
  1008 | D:2      | Reached XP level 4. HP: 39/39 MP: 4/4
  1008 | D:2      | Reached XP level 5. HP: 44/44 MP: 5/5
  1255 | D:3      | Reached skill level 6 in Maces & Flails
  1281 | D:3      | Noticed Natasha
  1286 | D:3      | Killed Natasha
  1297 | D:3      | Reached XP level 6. HP: 28/53 MP: 6/6
  1703 | D:3      | Noticed Natasha
  1713 | D:3      | Killed Natasha
  1768 | D:3      | Noticed Natasha
  1770 | D:3      | Killed Natasha
  1860 | D:4      | Reached skill level 7 in Maces & Flails
  2202 | D:4      | Reached XP level 7. HP: 30/59 MP: 7/7
  2988 | D:5      | Entered Level 5 of the Dungeon
  3004 | D:5      | Reached skill level 1 in Throwing
  3015 | D:5      | Noticed Pikel
  3094 | D:5      | Reached *** piety under Trog
  3095 | D:5      | Reached skill level 8 in Maces & Flails
  3108 | D:5      | Reached XP level 8. HP: 54/67 MP: 8/8
  3226 | D:5      | Found a blossoming altar of Fedhas.
  3287 | D:5      | Slain by an orc

Illustrated notes

Levels and vault maps discovered:
D:1:      evilmike_arrival_rings, layout_basic
D:2:      layout_basic, uniq_sigmund
D:3:      layout_rooms, uniq_natasha
D:4:      layout_basic, minmay_manual_mandibuliform
D:5:      layout_basic, mainiacjoe_overflow_small_starburst,
          fedhas_bush_and_centaur_altar, nicolae_fountain_basement, uniq_pikel

Skill      XL: |  1  2  3  4  5  6  7 |
---------------+----------------------+-----
Maces & Flails | 3 5 6 7 8 |  8.2
Fighting       | 3 |  3.3
Throwing       | 1 |  1.7
Armour         | 3 |  3.6
Dodging        | 2 |  2.1

Action                     |  1- 3 |  4- 6 |  7- 9 || total
---------------------------+-------+-------+-------++-------
  Melee: Mace              |    18 |       |       ||    18
         Whip              |    61 |   123 |   134 ||   318
         Tailslap          |     4 |    12 |    18 ||    34
         Punch             |       |       |     2 ||     2
 Invoke: Berserk           |     1 |       |     2 ||     3
         Trog's Hand       |     1 |       |       ||     1
    Use: Potion            |       |       |     2 ||     2
   Stab: Sleeping          |       |     1 |       ||     1
 Armour: Animal skin       |    34 |       |       ||    34
         Robe              |       |    35 |    20 ||    55
         Leather armour    |       |       |    30 ||    30
  Dodge: Dodged            |    39 |    37 |    48 ||   124

Table legend: (Time is in decaauts)
 A = Elapsed time spent in this place.
 B = Non-inter-level travel time spent in this place.
 C = Inter-level travel time spent in this place.
 D = Time resting spent in this place.
 E = Time spent auto-exploring this place.
 F = Levels seen in this place.
 G = Mean time per level.
                   A        B        C        D        E       F      G
               +--------+--------+--------+--------+--------+-----+--------+
         Total |   3232 |   3055 |    177 |    119 |   2162 |   5 |  646.4 |
       Dungeon |   3232 |   3055 |    177 |    119 |   2162 |   5 |  646.4 |
               +--------+--------+--------+--------+--------+-----+--------+

Top non-repeatable levels by time:
     D:4: 1195 daAuts
     D:1: 629 daAuts
     D:3: 615 daAuts
     D:2: 565 daAuts
     D:5: 226 daAuts
